AoeStats
← Honper

Arabia

508953612Analyzed
1v1 RM · 7d ago on Sep 24, 2026· 28m 24s· 2 players
Game mode
Random Map
Map size
Tiny (2 player)
Population
200
Speed
Normal
Resources
Standard
Victory
Conquest
Starting age
Dark Age
Ending age
Imperial Age
RankedLock teamsTeams togetherTeam positionsShared explorationLock speedFull tech treeHidden civsTurbo modeCheats
Victory
Defeat
🇨🇿 Franks · Czechia
828
+15
🇸🇦 Khitans · Saudi Arabia
801
-15
neXus
3:54 Loom
11:15 Feudal Age
13:12 Wheelbarrow
12:50 Double-Bit Axe
17:31 Domestication
22:34 Castle Age
23:48 Thumb Ring
23:04 Elite Skirmisher
26:53 Hand Cart
28:00 Crossbowman
28:50 Squires
Honper
2:34 Loom
9:58 Feudal Age
10:56 Double-Bit Axe
17:03 Wheelbarrow
21:46 Castle Age
20:43 Gold Mining
21:10 Forging
22:18 Scale Barding Armor
23:30 Husbandry
Connection lost

Rejoining the realm…

Still unreachable

The connection could not be restored.

Session expired

The server has moved on; the page needs a fresh start.